 Dungeon Crawl Stone Soup version 0.17-a0-1409-ge6d9485 (webtiles) character file.

38 urechis the Poker (level 3, -1/27 HPs)
             Began as a Merfolk Skald on June 22, 2015.
             Slain by an orc wizard
             ... wielding a +1 dagger of flaming
              (2 damage)
             ... on level 4 of the Dungeon.
             The game lasted 00:02:25 (1438 turns).

urechis the Poker (Merfolk Skald)                   Turns: 1438, Time: 00:02:25

Health: -1/27      AC:  3    Str: 12    XL:     3   Next: 43%
Magic:  6/6        EV: 11    Int: 11    God:
Gold:   127        SH:  0    Dex: 14    Spells: 1 memorised, 5 levels left

rFire  . . .     SeeInvis .     a - +0 spear
rCold  . . .     Clarity  .     r - +0 leather armour
rNeg   . . .     SustAt   .     (no shield)
rPois  .         Gourm    .     (no helmet)
rElec  .         Spirit   .     (no cloak)
rCorr  .         Warding  .     (no gloves)
rMut   .         Stasis   .     (no boots)
MR     .....                    (no amulet)
Stlth  +.........               (no ring)
                                (no ring)

@: not resistant to hostile enchantments, very unstealthy
A: change form in water, swift swim
a: no special abilities


You were on level 4 of the Dungeon.
You were hungry.

You visited 1 branch of the dungeon, and saw 3 of its levels.

You collected 127 gold pieces.

Inventory:

Hand weapons
 a - a +0 spear (weapon)
 b - a +0 hunting sling
Missiles
 h - 29 arrows
 i - 61 stones (quivered)
 j - 12 steel sling bullets
 m - 6 poisoned needles
 q - 8 arrows of flame
Armour
 g - a +0 buckler
 r - a +0 leather armour (worn)
Magical devices
 n - a wand of frost (22)
Scrolls
 e - 2 scrolls of identify {unknown}
 l - a scroll of fog {unknown}
Potions
 f - a potion of lignification {unknown}
 k - a potion of invisibility {unknown}
 t - a potion of resistance {unknown}
Books
 c - a book of Battle

   Spells                             Type                      Level
   a - Infusion                       Charms                       1
   b - Shroud of Golubria             Charms/Translocation         2
   c - Song of Slaying                Charms                       2
   d - Spectral Weapon                Hexes/Charms                 3
   e - Regeneration                   Charms/Necromancy            3
Comestibles
 d - 2 bread rations
 o - a meat ration
 p - 5 fruits
 s - a slice of pizza


   Skills:
 - Level 2.1 Fighting
 + Level 5.5 Polearms
 - Level 0.6 Armour
 - Level 1.3 Dodging
 - Level 2.0 Spellcasting
 - Level 3.2 Charms


You had 5 spell levels left.
You knew the following spells:

 Your Spells              Type           Power        Failure   Level  Hunger
a - Infusion              Chrm           #.....       12%         1    ##.....


Dungeon Overview and Level Annotations

Branches:
Dungeon (4/15)
 Temple: D:4-7

Altars:
Zin
The Shining One


Message History

No target in view!
Firing (i - inventory. (,) - cycle):
j - 13 steel sling bullets (quivered)
Press: ? - help, Shift-Dir - straight line You shoot a steel sling bullet.
Something hits you. Something burns you.
Firing (i - inventory. (,) - cycle):
j - 12 steel sling bullets (quivered)
Press: ? - help, Shift-Dir - straight line, f - you
Okay, then.
Unknown command.
a - a +0 spear (weapon)
Something hits you.
* * * LOW HITPOINT WARNING * * *
Something burns you.
* * * LOW HITPOINT WARNING * * *
You barely miss something. You closely miss something. Something hits you.
* * * LOW HITPOINT WARNING * * *
Something burns you.
* * * LOW HITPOINT WARNING * * *
You barely miss something. Something hits you.
You die...

#### .....
######################......
................@{)..'.(...$
######################......
....... .o... ####### ....
.. ... ## .[ .


There were no monsters in sight!

Vanquished Creatures
  An adder (D:2)
  A worm (D:2)
  3 orcs (D:4)
  2 giant cockroaches (D:1)
  2 hobgoblins (D:2)
  2 kobolds
  9 bats
  A giant newt (D:1)
  A goblin (D:2)
  A rat (D:1)
23 creatures vanquished.

Notes
Turn   | Place    | Note
--------------------------------------------------------------
     0 | D:1      | urechis the Merfolk Skald began the quest for the Orb.
     0 | D:1      | Reached XP level 1. HP: 16/16 MP: 3/3
   449 | D:1      | Reached skill level 4 in Polearms
   449 | D:1      | Reached XP level 2. HP: 15/22 MP: 5/5
   606 | D:2      | Found a glowing golden altar of the Shining One.
   715 | D:2      | Found a glowing silver altar of Zin.
  1137 | D:2      | Reached skill level 5 in Polearms
  1137 | D:2      | Reached XP level 3. HP: 11/27 MP: 6/6
  1375 | D:2      | You fall through a shaft for 2 floors!
  1437 | D:4      | HP: 1/27 [something (2)]
  1438 | D:4      | Slain by an orc wizard

Vault maps used:
D:1:      scummos_arrival_hexagon, minmay_strange_pillars,
          corexii_item_surrounded_by_moat
D:2:      lemuel_round_altar, nicolae_tso_swordbearing_angel,
          minmay_misc_feat_chi
D:4:      nicolae_ru_sacrificial_ziggurat, uniq_eustachio, uniq_natasha,
          uniq_sigmund, uniq_pikel

Action                   || total
-------------------------++-------
Melee: Spear             ||    86
 Fire: Hunting sling     ||    13
 Stab: Sleeping          ||     2
  Eat: Chunk             ||     1
